 Dungeon Crawl Stone Soup version 0.30.1-11-g7821555f0a (webtiles) character file.

Game seed: 1283913088649681727

95805 jagang the Fencer (level 16, -3/139 HPs)
             Began as a Barachi Monk on Nov 13, 2023.
             Was the Champion of Okawaru.
             Slain by a tyrant leech (38 damage)
             ... called by a spriggan druid
             ... on level 2 of the Swamp on Nov 14, 2023.
             The game lasted 01:40:13 (20601 turns).

jagang the Fencer (Barachi Monk)                   Turns: 20601, Time: 01:40:21

Health: -3/139     AC: 33    Str: 20    XL:     16   Next: 15%
Magic:  18/23      EV:  6    Int: 12    God:    Okawaru [******]
Gold:   1662       SH: 12    Dex: 27    Spells: 15/15 levels left

rFire   + . .        w - +1 double sword (protect)
rCold   + + .        Q - +3 buckler {rF+}
rNeg    . . .        C - +0 crystal plate armour "Unyloac" {rC+ Will+ Slay+2}
rPois   +            G - +0 helmet
rElec   .            i - scarf {rC+ rF+}
rCorr   +            q - +0 pair of gloves
SInv    .            N - +0 pair of boots
Will    +++..        Y - amulet of regeneration Stlth
                     l - ring of willpower
HPRegen 1.23/turn    A - ring "Engeq" {rPois rF- rCorr Str+7 Dex+6}
MPRegen 0.18/turn

%: clarity
@: finesse-ful, under a protective aura, studying Spellcasting, slow
A: amphibious, slowness 1, strong legs 2, +LOS, clarity, noise suppression
a: Hop, Renounce Religion, Heroism, Finesse, Duel


You were on level 2 of the Swamp.
You worshipped Okawaru.
Okawaru was exalted by your worship.
You visited 5 branches of the dungeon, and saw 25 of its levels.
You also visited: Bailey.

You collected 2596 gold pieces.
You spent 934 gold pieces at shops.

Inventory:

Hand Weapons
 w - a +1 double sword of protection (weapon)
 x - the +10 long sword "Doutirch" {flame, rC- Will+ Stlth+}
   (You bought it in a shop on level 2 of the Orcish Mines)

   rC:        It makes you vulnerable to cold.
   Will:      It increases your willpower.
   Stlth:     It makes you more stealthy.
 J - a +6 double sword of holy wrath
Missiles
 g - 4 curare-tipped darts
 k - 3 javelins
 y - 7 silver javelins
 F - 3 atropa-tipped darts (quivered)
 H - 2 throwing nets
 R - 3 datura-tipped darts
 T - a silver boomerang
Armour
 i - a scarf of resistance (worn)
 n - a +2 kite shield of reflection
 q - a +0 pair of gloves (worn)
 C - the +0 crystal plate armour "Unyloac" (worn) {rC+ Will+ Slay+2}
   (Okawaru gifted it to you on level 13 of the Dungeon)

   Slay:      It affects your accuracy & damage with ranged weapons and melee
   (+2).
   rC:        It protects you from cold.
   Will:      It increases your willpower.
 G - a +0 helmet (worn)
 N - a +0 pair of boots (worn)
 Q - a +3 buckler of fire resistance (worn)
Jewellery
 h - a +6 ring of intelligence
 l - a ring of willpower (left hand)
 r - an amulet of guardian spirit
 v - a ring of flight
 A - the ring "Engeq" (right hand) {rPois rF- rCorr Str+7 Dex+6}
   (You acquired it on level 8 of the Dungeon)

   [ring of dexterity]

   Str:       It affects your strength (+7).
   Dex:       It affects your dexterity (+6).
   rF:        It makes you vulnerable to fire.
   rPois:     It protects you from poison.
   rCorr:     It protects you from acid and corrosion.
 I - a ring of protection from fire
 L - a ring of see invisible
 O - a ring of ice
 Y - an amulet of regeneration (around neck)
Wands
 b - a wand of polymorph (3)
 s - a wand of roots (13)
 E - a wand of flame (28)
 M - a wand of digging (6)
Scrolls
 d - 2 scrolls of summoning
 f - 4 scrolls of immolation
 m - 3 scrolls of fear
 o - 4 scrolls of enchant armour
 t - 16 scrolls of teleportation
 z - 5 scrolls of identify
 B - a scroll of magic mapping
 D - 5 scrolls of fog
 X - 4 scrolls of blinking
Potions
 a - 3 potions of invisibility
 c - 3 potions of ambrosia
 e - 2 potions of brilliance
 j - 2 potions of flight
 p - 4 potions of heal wounds
 u - 8 potions of curing
 K - 3 potions of might
 P - 4 potions of magic
 S - 2 potions of berserk rage
 V - 3 potions of resistance


   Skills:
 * Level 16.6 Fighting
 * Level 19.1 Long Blades
 - Level 7.1 Throwing
 + Level 12.6 Armour
 - Level 3.2 Dodging
 + Level 11.6 Shields
 + Level 9.5 Invocations


You had 15 spell levels left.
You didn't know any spells.
Your spell library contained the following spells:

 Spells                   Type           Power      Damage    Failure   Level
 Magic Dart               Conj           0%         1d3       100%        1
 Searing Ray              Conj           0%         2d4       100%        2
 Sublimation of Blood     Necr           0%         N/A       100%        2
 Wereblood                Tmut           0%         N/A       100%        2
 Dazzling Flash           Conj/Hex       0%         N/A       100%        3
 Gell's Gravitas          Tloc           0%         N/A       100%        3
 Teleport Other           Tloc           0%         N/A       100%        3
 Vhi's Electric Charge    Tloc/Air       0%         N/A       100%        3
 Anguish                  Hex/Necr       0%         N/A       100%        4
 Cause Fear               Hex            0%         N/A       100%        4
 Fulminant Prism          Conj/Hex       0%         3d5       100%        4
 Leda's Liquefaction      Hex/Erth       0%         N/A       100%        4
 Passage of Golubria      Tloc           0%         N/A       100%        4
 Petrify                  Tmut/Erth      0%         N/A       100%        4
 Agony                    Necr           0%         N/A       100%        5
 Arcjolt                  Conj/Air       0%         1d10      100%        5
 Lee's Rapid Deconstruct  Erth           0%         3d4*      100%        5
 Metabolic Englaciation   Hex/Ice        0%         N/A       100%        5
 Silence                  Hex/Air        0%         N/A       100%        5
 Yara's Violent Unravell  Hex/Tmut       0%         3d3       100%        5
 Dispersal                Tloc           0%         N/A       100%        6
 Statue Form              Tmut/Erth      0%         N/A       100%        6
 Enfeeble                 Hex            0%         N/A       100%        7
 Maxwell's Capacitive Co  Air            0%         ∞         100%        8
 Tukima's Dance           Hex            Unusable   N/A       N/A         3
 Summon Ice Beast         Ice/Summ       Unusable   N/A       N/A         4
 Summon Mana Viper        Hex/Summ       Unusable   N/A       N/A         5
 Monstrous Menagerie      Summ           Unusable   N/A       N/A         7
 Summon Hydra             Summ           Unusable   N/A       N/A         7

Dungeon Overview and Level Annotations

Branches:
Dungeon (15/15)            Temple (1/1) D:5            Lair (5/5) D:10
  Swamp (2/4) Lair:3       Spider (0/4) Lair:3        Slime (0/5) Lair:4
    Orc (2/2) D:12            Elf (0/3) Orc:2        Vaults (0/5) D:14
 Bailey (visited)
 Depths: D:15

Altars:
Ashenzari
Cheibriados
Dithmenos
Elyvilon
Fedhas
Gozag
Hepliaklqana
Kikubaaqudgha
Makhleb
Nemelex Xobeh
Okawaru
Qazlal
Ru
Sif Muna
Trog
Uskayaw
Vehumet
Wu Jian
Xom
Yredelemnul
Zin
The Shining One

Shops:
D:5 =   D:10 =   Orc:2 ?[!(:

Annotations:
D:7 2 transporters, fitz's ghost, novice MiFi


Innate Abilities, Weirdness & Mutations

You are amphibious.
You cover ground slowly.
You can hop long distances.
You have an extended range of vision and can be seen from far away.
You possess an exceptional clarity of mind.
You passively dampen the noise of your surroundings.


Message History

You kill the spriggan druid!
Okawaru accepts your kill.
The swamp worm fires a harpoon shot at you.
The harpoon shot hits you but does no damage.
A tyrant leech comes into view.
You block the tyrant leech's attack.
You slash the tyrant leech!
The tyrant leech is moderately wounded.
The goliath frog hits you but does no damage.
A swamp worm comes into view.
The swamp worm fires a harpoon shot at you.
The harpoon shot hits you.
You are yanked forward by the harpoon shot.
A swamp worm comes into view.
The swamp worm moves out of view.
You enter the shallow water.
The goliath frog hits you!!
You are splashed with acid.
You resist.
The swamp worm fires a harpoon shot at you.
The harpoon shot hits you but does no damage.
The goliath frog hits you!
You are splashed with acid.
You resist.
You closely miss the swamp worm. The swamp worm bites you!!
The tyrant leech bites you but does no damage.
You barely miss the swamp worm. You block the goliath frog's attack.
The swamp worm bites you!
You carve the swamp worm like a ham!!!
You kill the swamp worm!
Okawaru accepts your kill.
A swamp drake comes into view.
The goliath frog hits you!!
* * * LOW HITPOINT WARNING * * *
You are splashed with acid.
You resist.
* * * LOW HITPOINT WARNING * * *
You block the tyrant leech's attack.
You can now deal lightning-fast blows.
The swamp drake roars!
The swamp worm fires a harpoon shot at you.
You block the harpoon shot.
The goliath frog hits you but does no damage.
The tyrant leech bites you!!!
You die...

..§~~~.........♣.
.......♣~...~~...
~.~...~...~~§~~~ ~
.k.....~~~§~~ ~♣
....~~..~~ ~.♣ ♣♣~w~w....
~..♣ .. ♣♣~...~♣♣♣♣../.~
.~. ♣♣..~...F~~.~~..~ ~..~
♣~...~~@~..~~~~~~ ♣~.~♣
♣~...~~†w).~~~~~~
♣.~~.♣♣♣♣♣♣.~~§~~§..~~..~~
.~~~..~~...~~§~~~~~~~~~.?~
♣~~~.§.....~†~~~~~~~~~~~~.
♣♣.......~~.~~~~~...~§~~
♣~...~<..~~~~~~~w~=.~~~~
♣....♣...~~~~~~....~~~~~
♣~([.~♣.~†~~~§~~.~§§~~~~.


You could see 2 tyrant leeches, a goliath frog (strong), 2 swamp worms and a
swamp drake.

Vanquished Creatures
  Agnes (D:14)
  A thorn hunter (Swamp:1)
  Donald (Swamp:1)
  An orc warlord (Bailey)
  An eleionoma (Swamp:1)
  2 bunyips (Swamp:1)
  A fire dragon (D:14)
  Erolcha (Orc:2)
  6 hydras
  A catoblepas (Lair:2)
  A ghost crab (Swamp:1)
  2 ogre magi
  5 two-headed ogres
  5 centaur warriors
  2 boulder beetles
  3 alligators (Swamp:1)
  A death knight (D:14)
  2 tengu warriors
  An orc high priest (Orc:1)
  Nergalle (Orc:2)
  2 spriggans (Swamp:1)
  5 skysharks
  Lodul (D:11)
  2 goliath frogs
  2 swamp dragons (Swamp:1)
  A spriggan druid (Swamp:2)
  5 bog bodies
  A deep elf pyromancer (D:13)
  7 orc sorcerers (Orc:2)
  4 orc knights
  2 cyclopes
  17 ugly things (D:14)
  A manticore (D:13)
  3 oklob plants (Lair:4)
  3 elephants (Lair:2)
  Joseph (D:7)
  9 centaur zombies (D:11)
  A black mamba (shapeshifter) (D:14)
  A black mamba (Lair:5)
  22 cane toads
  A gargoyle (D:12)
  Psyche (D:12)
  2 unseen horrors (D:11)
  5 komodo dragons
  A rime drake (Lair:3)
  2 kobold demonologists (D:13)
  3 tengu conjurers
  4 freezing wraiths (D:14)
  4 trolls
  A queen bee (shapeshifter) (D:14)
  3 tyrant leeches
  A polar bear (Lair:1)
  2 hornets (Swamp:1)
  A meliai (Lair:3)
  25 blink frogs
  A raiju (shapeshifter) (D:14)
  14 dream sheep
  7 wraiths
  25 yaks
  A human (D:12)
  3 wyverns
  7 vampires
  3 shadows (D:11)
  A basilisk (D:14)
  4 steam dragons
  12 vampire mosquitoes
  4 wargs
  Grum (D:11)
  10 swamp worms
  13 water moccasins
  2 sky beasts
  2 swamp drakes
  18 orc warriors
  5 black bears
  15 ogres
  5 wolves
  15 centaurs
  4 kobold brigands
  2 gnoll sergeants (D:6)
  18 bullfrogs
  A scorpion (D:5)
  6 wights
  13 killer bees
  8 howler monkeys
  5 electric eels
  6 hounds
  14 orc priests
  A jelly (D:5)
  2 gnoll boudas (D:6)
  38 orc wizards
  4 sleepcaps
  12 hell rats
  A statue (D:10)
  26 gnolls
  3 adders
  A white imp (D:7)
  A worm (D:3)
  3 dart slugs
  97 orcs
  11 endoplasms
  2 giant cockroaches
  14 goblins
  10 hobgoblins
  10 jackals
  32 kobolds
  4 quokkas
  10 ball pythons
  5 bats
  2 frilled lizards
  2 rats
721 creatures vanquished.

Vanquished Creatures (others)
  A bloated husk (Swamp:1)
1 creature vanquished.

Grand Total: 722 creatures vanquished

Notes
Turn   | Place    | Note
-------+----------+-------------------------------------------
     0 | D:1      | jagang the Barachi Monk began the quest for the Orb.
     0 | D:1      | Reached XP level 1. HP: 18/18 MP: 1/1
   176 | D:1      | Reached skill level 4 in Long Blades
   176 | D:1      | Reached XP level 2. HP: 16/25 MP: 2/2
   314 | D:1      | Reached skill level 1 in Armour
   756 | D:2      | Reached XP level 3. HP: 21/30 MP: 3/3
   823 | D:2      | You fall into a shaft and drop 2 floors!
   856 | D:4      | Reached XP level 4. HP: 23/37 MP: 4/4
  1139 | D:4      | Found a bloodstained altar of Trog.
  1217 | D:4      | Noticed an ogre
  1231 | D:4      | Killed an ogre
  1232 | D:4      | Reached skill level 5 in Long Blades
  1232 | D:4      | Reached XP level 5. HP: 43/43 MP: 5/5
  2302 | D:3      | Reached skill level 6 in Long Blades
  2409 | D:3      | Found a snail-covered altar of Cheibriados.
  2696 | D:4      | Reached XP level 6. HP: 50/50 MP: 6/6
  2701 | D:4      | Reached skill level 5 in Fighting
  2879 | D:4      | Reached skill level 1 in Invocations
  3126 | D:5      | Entered Level 5 of the Dungeon
  3151 | D:5      | Found a staircase to the Ecumenical Temple.
  3156 | Temple   | Entered the Ecumenical Temple
  3365 | D:5      | Found Ynukhlu's Jewellery Shoppe.
  3463 | D:5      | Reached XP level 7. HP: 49/56 MP: 6/8
  3606 | D:5      | Reached skill level 7 in Long Blades
  3784 | D:6      | Noticed a cyclops
  3791 | D:6      | Killed a cyclops
  3792 | D:6      | Reached skill level 8 in Long Blades
  3792 | D:6      | Reached XP level 8. HP: 14/64 MP: 1/10
  4003 | D:6      | Reached skill level 5 in Armour
  4073 | D:6      | Identified a scroll of acquirement
  4074 | D:6      | Acquired a +2 buckler of fire resistance
  4209 | D:6      | Found a blossoming altar of Fedhas.
  4236 | D:6      | Reached skill level 1 in Throwing
  4438 | D:6      | Reached skill level 9 in Long Blades
  4604 | D:6      | Reached XP level 9. HP: 61/71 MP: 9/11
  5060 | D:7      | Noticed Joseph
  5088 | D:7      | Killed Joseph
  5089 | D:7      | Reached skill level 10 in Long Blades
  5360 | D:7      | Found a sacrificial altar of Ru.
  5518 | D:7      | Noticed a queen bee
  5533 | D:7      | Found a transporter.
  5544 | D:7      | Found a transporter.
  5544 | D:7      | Noticed fitz's ghost (novice MiFi)
  5614 | D:7      | Found an ornate altar of the Wu Jian Council.
  5853 | D:8      | Found an opulent altar of Gozag.
  5894 | D:8      | Found a flagged portal.
  5908 | Bailey   | Entered a bailey
  5912 | Bailey   | Noticed an orc warlord
  6055 | Bailey   | Found a runed translucent gate.
  6055 | Bailey   | Found a runed translucent gate.
  6055 | Bailey   | Found a runed translucent gate.
  6094 | Bailey   | Reached XP level 10. HP: 80/80 MP: 13/13
  6432 | Bailey   | Killed an orc warlord
  6433 | Bailey   | Reached skill level 11 in Long Blades
  6551 | Bailey   | Identified the +6 shortbow "Icryog" {elec, *Corrode +Blink
                  | rN++ Dex+2}
  6673 | D:8      | Reached skill level 5 in Invocations
  7107 | D:8      | Acquired the ring "Engeq" {rPois rF- rCorr Str+7 Dex+6}
  7205 | D:5      | Bought an amulet of regeneration for 360 gold pieces
  7436 | D:9      | Reached skill level 5 in Throwing
  7607 | D:9      | Found an iron altar of Okawaru.
  7614 | D:9      | Reached skill level 12 in Long Blades
  7614 | D:9      | Found a broken altar of Ashenzari.
  7622 | D:9      | Became a worshipper of Warmaster Okawaru
  7622 | D:9      | Reached * piety under Okawaru
  7622 | D:9      | Reached ** piety under Okawaru
  7679 | D:9      | Found a shimmering blue altar of Sif Muna.
  7680 | D:9      | Noticed a two-headed ogre
  7692 | D:9      | Killed a two-headed ogre
  7751 | D:9      | Reached XP level 11. HP: 89/89 MP: 15/15
  8135 | D:10     | Entered Level 10 of the Dungeon
  8261 | D:10     | Found a hazy altar of Hepliaklqana.
  8278 | D:10     | Reached *** piety under Okawaru
  8295 | D:10     | Found Opporph's Jewellery Shop.
  8335 | D:10     | Found a white marble altar of Elyvilon.
  8335 | D:10     | Found a glowing silver altar of Zin.
  8335 | D:10     | Found a glowing golden altar of the Shining One.
  8382 | D:10     | Found a staircase to the Lair.
  8390 | Lair:1   | Entered Level 1 of the Lair of Beasts
  8733 | D:10     | Found a radiant altar of Vehumet.
  8837 | D:11     | Noticed Grum
  8868 | D:11     | Reached skill level 13 in Long Blades
  8889 | D:11     | Killed Grum
  8977 | D:11     | Reached **** piety under Okawaru
  9067 | D:11     | Received a gift from Okawaru
  9252 | D:11     | Identified the +12 chain mail of Dodwub {rN+ Dex+3}
  9273 | D:11     | Received a gift from Okawaru
  9274 | D:11     | Reached skill level 10 in Fighting
  9302 | D:11     | Noticed Lodul
  9335 | D:11     | Received a gift from Okawaru
  9347 | D:11     | Reached XP level 12. HP: 36/97 MP: 11/17
  9349 | D:11     | Reached skill level 14 in Long Blades
  9356 | D:11     | Killed Lodul
  9597 | D:11     | Received a gift from Okawaru
  9769 | D:12     | Noticed a tengu warrior
  9780 | D:12     | Killed a tengu warrior
  9781 | D:12     | Reached skill level 1 in Shields
  9793 | D:12     | Reached ***** piety under Okawaru
  9826 | D:12     | Received a gift from Okawaru
  9871 | D:12     | Found a staircase to the Orcish Mines.
  9943 | D:12     | Noticed a two-headed ogre
  9949 | D:12     | Killed a two-headed ogre
 10304 | D:12     | Noticed Psyche
 10315 | D:12     | Killed Psyche
 10750 | D:13     | Noticed a sun demon
 10878 | D:13     | Noticed a tengu warrior
 10884 | D:13     | Killed a tengu warrior
 10885 | D:13     | Reached skill level 5 in Shields
 10900 | D:13     | Received a gift from Okawaru
 10901 | D:13     | Reached skill level 15 in Long Blades
 11075 | D:13     | Noticed a centaur warrior
 11088 | D:13     | Killed a centaur warrior
 11093 | D:13     | Identified the +0 crystal plate armour "Unyloac" {rC+ Will+
                  | Slay+2} (Okawaru gifted it to you on level 13 of the
                  | Dungeon)
 11093 | D:13     | Received a gift from Okawaru
 11513 | D:14     | Gained mutation: You can hop long distances. [Barachi
                  | growth]
 11513 | D:14     | Reached XP level 13. HP: 99/107 MP: 18/18
 11910 | D:14     | Found a gate to the Vaults.
 11986 | D:14     | Noticed a fire dragon
 12005 | D:14     | Killed a fire dragon
 12011 | D:14     | Reached skill level 16 in Long Blades
 12011 | D:14     | Reached skill level 10 in Armour
 12028 | D:14     | Identified the +2 robe of Complete Protection {MP-9 Str+5}
                  | (Okawaru gifted it to you on level 14 of the Dungeon)
 12028 | D:14     | Received a gift from Okawaru
 12513 | D:14     | Noticed Agnes
 12561 | D:14     | Killed Agnes
 12562 | D:14     | Reached XP level 14. HP: 77/118 MP: 12/19
 12750 | D:15     | Entered Level 15 of the Dungeon
 12853 | Orc:1    | Entered Level 1 of the Orcish Mines
 13299 | Orc:2    | Entered Level 2 of the Orcish Mines
 13402 | Orc:2    | Found a staircase to the Elven Halls.
 13549 | Orc:2    | Found Ziaphuq's Antique Armour Boutique.
 13585 | Orc:2    | Found Raqotiot's Antique Weapon Shop.
 13599 | Orc:2    | Bought a dazzling long sword for 238 gold pieces
 13599 | Orc:2    | Identified the +10 long sword "Doutirch" {flame, rC- Will+
                  | Stlth+} (You bought it in a shop on level 2 of the Orcish
                  | Mines)
 13609 | Orc:2    | Found Qigretz's Magic Scroll Shoppe.
 13818 | Orc:1    | Reached skill level 10 in Shields
 14007 | Orc:2    | Found a radiant altar of Vehumet.
 14007 | Orc:2    | Noticed Erolcha
 14015 | Orc:2    | Reached skill level 17 in Long Blades
 14019 | Orc:2    | Killed Erolcha
 14023 | Orc:2    | Found Lytuga's Distillery.
 14039 | Orc:2    | Received a gift from Okawaru
 14053 | Orc:2    | Noticed Nergalle
 14069 | Orc:2    | Killed Nergalle
 14097 | Orc:2    | Bought a potion of mutation for 112 gold pieces
 14097 | Orc:2    | Bought a potion of heal wounds for 70 gold pieces
 14097 | Orc:2    | Bought a potion of ambrosia for 112 gold pieces
 14097 | Orc:2    | Bought a potion of flight for 42 gold pieces
 14106 | Orc:2    | Found an ancient bone altar of Kikubaaqudgha.
 14139 | Orc:2    | Found Roaceits's Book Boutique.
 15270 | Lair:1   | Gained mutation: You are clumsy. (Dex -2) [potion of
                  | mutation]
 15270 | Lair:1   | Gained mutation: Your spells are a little easier to cast,
                  | but a little less powerful. [potion of mutation]
 15270 | Lair:1   | Lost mutation: Your spells are a little easier to cast, but
                  | a little less powerful. [potion of mutation]
 15270 | Lair:1   | Gained mutation: You possess an exceptional clarity of
                  | mind. [potion of mutation]
 15271 | Lair:1   | Lost mutation: You possess an exceptional clarity of mind.
                  | [potion of mutation]
 15271 | Lair:1   | Lost mutation: You are clumsy. (Dex -2) [potion of
                  | mutation]
 15271 | Lair:1   | Gained mutation: You are occasionally teleported next to
                  | monsters. [potion of mutation]
 15271 | Lair:1   | Gained mutation: Your muscles are strong. (Str +4, Int/Dex
                  | -1) [potion of mutation]
 15271 | Lair:1   | Gained mutation: Armour fits poorly on your strangely
                  | shaped body. [potion of mutation]
 15272 | Lair:1   | Lost mutation: Your muscles are strong. (Str +4, Int/Dex
                  | -1) [potion of mutation]
 15272 | Lair:1   | Lost mutation: You are occasionally teleported next to
                  | monsters. [potion of mutation]
 15272 | Lair:1   | Lost mutation: Armour fits poorly on your strangely shaped
                  | body. [potion of mutation]
 15272 | Lair:1   | Gained mutation: You passively dampen the noise of your
                  | surroundings. [potion of mutation]
 15272 | Lair:1   | Gained mutation: You possess an exceptional clarity of
                  | mind. [potion of mutation]
 15770 | Lair:2   | Received a gift from Okawaru
 16442 | Lair:3   | Received a gift from Okawaru
 16443 | Lair:3   | Reached XP level 15. HP: 123/127 MP: 21/21
 16448 | Lair:3   | Found a hole to the Spider Nest.
 16549 | Lair:3   | Found a staircase to the Swamp.
 16555 | Lair:3   | Reached skill level 15 in Fighting
 16644 | Lair:3   | Received a gift from Okawaru
 17304 | Lair:4   | Found a staircase to the Slime Pits.
 18322 | Lair:4   | Reached skill level 18 in Long Blades
 18383 | Lair:5   | Entered Level 5 of the Lair of Beasts
 18395 | Lair:5   | Received a gift from Okawaru
 18656 | Lair:5   | HP: 5/129 [skyshark (7)]
 18662 | Lair:5   | HP: 3/129 [skyshark (21)]
 18958 | Lair:5   | Received a gift from Okawaru
 19765 | Swamp:1  | Entered Level 1 of the Swamp
 19779 | Swamp:1  | Reached ****** piety under Okawaru
 19884 | Swamp:1  | Identified the +1 hat "Seibroni" {rPois Regen+} (Okawaru
                  | gifted it to you on level 1 of the Swamp)
 19884 | Swamp:1  | Received a gift from Okawaru
 19949 | Swamp:1  | Noticed Donald
 19973 | Swamp:1  | HP: 2/131 [Donald/+3 eveningstar of protection (24)]
 19975 | Swamp:1  | Killed Donald
 20084 | Swamp:1  | Identified the +0 leather armour of Love and Death {Regen+
                  | Str+6 Int-3 Dex-4}
 20152 | Swamp:1  | Noticed a thorn hunter
 20169 | Swamp:1  | Reached XP level 16. HP: 105/139 MP: 23/23
 20175 | Swamp:1  | Killed a thorn hunter
 20250 | Swamp:1  | Reached skill level 19 in Long Blades
 20601 | Swamp:2  | Slain by a tyrant leech

Illustrated notes

Levels and vault maps discovered:
D:1:      dpeg_arrival_erosion, layout_basic
D:2:      layout_basic
D:3:      layout_rooms, chei_slow_surprise
D:4:      layout_basic, trog_hazing_becter, dk_noncrumbling_3
D:5:      layout_cave_pools, temple_doors_e, serial_shops, shop,
          kennysheep_generic_room_6
D:6:      layout_cave_pools, kennysheep_mini_moat, serial_gnoll_camp,
          gnoll_camp_mini_loothouse, gnoll_camp_mini_doghouse,
          gnoll_camp_huts_basic, gnoll_camp_mini_doghouse,
          minmay_manual_monstrance
D:7:      layout_rooms, mainiacjoe_overflow_catwalk,
          pdpol_wu_jian_five_deadly_venoms, gammafunk_ghost_hive,
          nicolae_titane, uniq_joseph
D:8:      layout_rooms, mainiacjoe_overflow_alcove_1, enter_bailey_3,
          chequers_serial_rivers_room_b, grunt_ministairs_1,
          palyth_stone_intersect, nrook_loot_triangle
D:9:      layout_basic, mainiacjoe_overflow_big_doors,
          mainiacjoe_overflow_cross_hatched, minmay_fractal_squares_diagonal_5
D:10:     layout_roguey, good_gods_mini_temple, mainiacjoe_overflow_paths,
          vehumet_statue, lair_entry_dummy, serial_shops, shop, abandoned_shop
D:11:     layout_roguey, serial_undead, serial_undead_f, serial_undead_a,
          serial_undead_f, serial_undead_e, serial_undead_f, serial_undead_c,
          serial_undead_a, uniq_lodul, uniq_grum
D:12:     layout_basic, erik_orc_4, uniq_psyche
D:13:     layout_long_grid
D:14:     minmay_inside_and_out, layout_irregular_city, david_vaults_2,
          minmay_misc_feat_more_columns, kennysheep_big_empty_room, uniq_agnes
D:15:     hangedman_depths_entry_civil_slaughter, layout_basic,
          grunt_decor_fettered, nicolae_splish_splash
Temple:   hellmonk_temple_micro_hex
Lair:1:   layout_cave_pods
Lair:2:   layout_chaotic_city, grunt_megastairs_4
Lair:3:   layout_long_grid, nicolae_swamp_entry_splash_gauntlet,
          hellmonk_spider_entry_not_the_bees
Lair:4:   layout_layer_cave, minmay_slime_entry_oklob_open
Lair:5:   minmay_lair_end_frog_pond, layout_cave_pods
Swamp:1:  layout_falls_marsh, evilmike_swamp_ruin_rubble_2, uniq_donald
Swamp:2:  layout_basic_swamp, hangedman_swamp_lotus, swamp_pool3
Orc:1:    layout_caves
Orc:2:    kennysheep_orc_mage_school, layout_caves, serial_shops, shop,
          special_room

Skill      XL: |  1  2  3  4  5  6  7  8  9 10 11 12 13 14 15 16 |
---------------+-------------------------------------------------+-----
Long Blades    | 4 5 6 8 9 10 12 13 15 16 17 18 19 | 19.1
Armour         | 1 2 3 4 5 7 8 9 10 11 12 | 12.6
Fighting       | 4 5 6 8 9 10 11 13 14 16 | 16.6
Invocations    | 1 2 3 4 5 6 7 8 9 |  9.5
Throwing       | 2 3 5 6 7 |  7.1
Shields        | 6 9 10 11 | 11.6
Dodging        | |  3.2

Action                     |  1- 3 |  4- 6 |  7- 9 | 10-12 | 13-15 | 16-18 || total
---------------------------+-------+-------+-------+-------+-------+-------++-------
  Melee: Falchion          |    52 |    33 |       |       |       |       ||    85
         Double sword      |       |   103 |   265 |   678 |   685 |    56 ||  1787
         Scimitar          |       |    18 |       |       |       |       ||    18
         Dagger            |       |       |       |       |    19 |       ||    19
         Long sword        |       |       |       |       |   562 |     9 ||   571
  Throw: Dart              |     3 |     5 |    15 |     8 |     9 |       ||    40
         Javelin           |       |       |     3 |       |     3 |       ||     6
         Throwing net      |       |       |     2 |       |       |       ||     2
         Boomerang         |       |       |    22 |     4 |    26 |       ||    52
 Invoke: Finesse           |       |       |       |     1 |     5 |     1 ||     7
         Heroism           |       |       |       |     1 |     6 |       ||     7
Ability: Hop               |       |     1 |     2 |     6 |     7 |       ||    16
  Evoke: Wand              |       |       |       |     6 |     1 |       ||     7
    Use: Scroll            |     4 |     9 |     5 |    11 |     7 |       ||    36
         Potion            |       |       |       |     4 |    11 |       ||    15
   Stab: Held in net/web   |       |       |     1 |       |       |       ||     1
         Confused          |       |       |       |       |       |     1 ||     1
 Armour: Robe              |     1 |       |       |       |       |       ||     1
         Leather armour    |       |    13 |       |       |       |       ||    13
         Ring mail         |       |    15 |     4 |       |       |       ||    19
         Chain mail        |       |       |    81 |   350 |   285 |       ||   716
         Plate armour      |       |       |     1 |     4 |       |       ||     5
         Crystal plate arm |       |       |       |       |   417 |    26 ||   443
  Dodge: Dodged            |    43 |   139 |   233 |   382 |   387 |    11 ||  1195
  Block: Buckler           |       |       |    34 |   285 |   685 |    18 ||  1022
